 Dungeon Crawl Stone Soup version 0.26-a0-547-g695e311587 (webtiles) character file.

Game seed: 2864186544446911911

8684 GeoCrane the Cleaver (level 11, -2/160 HPs)
             Began as a Hill Orc Berserker on Aug 20, 2020.
             Was a High Priest of Trog.
             Slain by an orc warrior
             ... wielding the +9 rapier of Baruxy {flame, rC+ MP+9 Str-4 Int+3}
              (22 damage)
             ... on level 6 of the Dungeon.
             The game lasted 02:14:57 (17731 turns).

GeoCrane the Cleaver (Hill Orc Berserker)          Turns: 17731, Time: 02:14:57

Health: -2/160     AC: 19    Str: 24    XL:     11   Next: 34%
Magic:  0/11       EV: 13    Int:  7    God:    Trog [*****.]
Gold:   837        SH:  0    Dex: 14    Spells: 10/10 levels left

rFire    . . .     SeeInvis .   a - +1 hand axe
rCold    . . .     Faith    .   (no shield)
rNeg     . . .     Spirit   +   p - +1 chain mail
rPois    .         Reflect  .   k - +2 helmet
rElec    .         Harm     .   d - +0 cloak
rCorr    .                      K - +0 pair of gloves
MR       .....                  Q - +0 pair of boots
Stlth    ..........             C - amulet of guardian spirit
HPRegen  0.36/turn              e - +4 ring of evasion
MPRegen  0.12/turn              B - +6 ring of dexterity

@: berserking, very quick
A: clumsy 1
a: Berserk, Trog's Hand, Brothers in Arms, Renounce Religion


You were on level 6 of the Dungeon.
You worshipped Trog.
Trog was extremely pleased with you.
You visited 3 branches of the dungeon, and saw 14 of its levels.

You collected 837 gold pieces.

Inventory:

Hand Weapons
 a - a +1 hand axe (weapon)
 q - a +0 battleaxe
Missiles
 y - 57 bolts
 I - a throwing net
 S - 5 datura-tipped darts (quivered)
Armour
 d - a +0 cloak (worn)
 k - a +2 helmet (worn)
 p - a +1 chain mail (worn)
 K - a +0 pair of gloves (worn)
 Q - a +0 pair of boots (worn)
Jewellery
 e - a +4 ring of evasion (left hand)
 f - an uncursed amulet of the acrobat
 u - an uncursed ring of fire
 z - an uncursed amulet of regeneration
 B - a +6 ring of dexterity (right hand)
 C - an amulet of guardian spirit (around neck)
 J - an uncursed ring of see invisible {unknown}
Wands
 c - a wand of iceblast (7)
 o - a wand of flame (24)
 H - a wand of acid (5)
 N - a wand of digging (4)
 P - a wand of random effects (8)
Scrolls
 h - 4 scrolls of fear
 i - 5 scrolls of teleportation
 m - 2 scrolls of amnesia
 r - 7 scrolls of identify
 x - 4 scrolls of remove curse
 A - a scroll of immolation {unknown}
 F - a scroll of enchant weapon
 G - 3 scrolls of magic mapping
 L - a scroll of enchant armour
 O - a scroll of blinking {unknown}
 R - a scroll of vulnerability {unknown}
Potions
 b - a potion of lignification
 g - a potion of mutation
 j - 2 potions of might
 l - a potion of ambrosia
 n - 3 potions of degeneration {unknown}
 s - a potion of flight {unknown}
 t - 2 potions of haste
 v - 2 potions of curing {unknown}
 w - a potion of invisibility {unknown}
 D - a potion of stabbing {unknown}
 E - a potion of brilliance {unknown}
 M - a potion of cancellation {unknown}


   Skills:
 + Level 13.2 Fighting
 + Level 14.2 Axes
 + Level 0.1 Throwing
 * Level 8.5 Armour
 - Level 1.5 Dodging
 + Level 1.2 Evocations


You had 10 spell levels left.
You didn't know any spells.
Your spell library was empty.

Dungeon Overview and Level Annotations

Branches:
Dungeon (11/15)            Temple (1/1) D:7             Orc (2/2) D:10
    Elf (0/3) Orc:2
   Lair: D:8-11

Altars:
Ashenzari
Cheibriados
Dithmenos
Elyvilon
Fedhas
Gozag
Hepliaklqana
Kikubaaqudgha
Makhleb
Nemelex Xobeh
Okawaru
Qazlal
Ru
Sif Muna
Trog
Uskayaw
Vehumet
Wu Jian
Xom
Yredelemnul
Zin
The Shining One
Beogh

Shops:
D:6 *}   D:8 !   D:10 =

Annotations:
D:6 temitten's ghost, novice PaFi
D:11 5-headed hydra


Innate Abilities, Weirdness & Mutations

You are clumsy. (Dex -2)


Message History

* * * LOW HITPOINT WARNING * * *
The orc warrior burns you.
* * * LOW HITPOINT WARNING * * *
A red film seems to cover your vision as you go berserk!
You feel yourself moving faster!
You feel mighty! The orc warrior misses you.
The orc warrior refuses to make way for you. (Use ctrl+direction or * direction to attack.)
The orc warrior refuses to make way for you. (Use ctrl+direction or * direction to attack.)
The orc warrior refuses to make way for you. (Use ctrl+direction or * direction to attack.)
You hit the orc warrior but do no damage.
The orc warrior is heavily wounded.
The orc warrior hits you with the +9 rapier of Baruxy {flame, rC+ MP+9 Str-4 Int+3}!!
* * * LOW HITPOINT WARNING * * *
The orc warrior burns you.
* * * LOW HITPOINT WARNING * * *
You barely miss the orc warrior.
The orc warrior is heavily wounded.
You hit the orc warrior but do no damage.
The orc warrior is heavily wounded.
The orc warrior hits you with the +9 rapier of Baruxy {flame, rC+ MP+9 Str-4 Int+3}!!
You die...

#.......# #....................
#.......# #...#.#.#...∩........
####..##.# ###.(.....##....<####
#....########....)...........#
#.##........#..).....##......#
#.#########.####)######......# ##
#.# #.....#.# #(# ##.##### #.
#.###.....#.# #o# #.# #.
#.##......#.####@# #.# #.
#.##......#...)..#######.#######.
#)##......#####........#.#.......
#.#......## ##.......#.#.......
#.#.###### #.......#.#.......
#.#.# #.......#.#....... #.#.#
#########.######## #.#.# #.#
#.#.# #.#


You could see a neutral orc warrior (fast, strong, insane).

Vanquished Creatures
  Harold (D:7)
  Pikel (D:7)
  An ugly thing (D:9)
  Maurice (D:8)
  A hippogriff (D:7)
  A wyvern (D:8)
  Sigmund (D:5)
  Menkaure (D:5)
  A warg (Orc:1)
  9 orc warriors
  2 sky beasts (D:7)
  An ice beast (D:10)
  2 necrophages
  3 phantoms
  2 eyes of draining (D:8)
  10 ogres
  6 centaurs
  A crocodile (D:10)
  A lemure (D:6)
  3 bullfrogs
  A water moccasin zombie (D:7)
  3 scorpions
  12 killer bees
  2 howler monkeys (D:6)
  3 wights (D:8)
  A bullfrog zombie (D:6)
  2 quasits (D:7)
  10 orc priests
  5 hounds
  4 jellies
  14 orc wizards
  3 bullfrog skeletons
  A gnoll shaman (D:5)
  2 iguanas
  10 worker ants
  2 hound skeletons
  A worker ant zombie (D:7)
  12 gnolls
  9 adders
  4 shadow imps
  2 white imps (D:10)
  An ufetubus (D:10)
  An ooze (D:3)
  2 adder skeletons
  2 worms (D:2)
  2 dart slugs (D:3)
  4 leopard geckos
  36 orcs
  A ball python (D:3)
  3 giant cockroaches
  5 goblins
  6 hobgoblins
  3 jackals (D:7)
  3 quokkas
  4 bats
  3 frilled lizards (D:1)
  4 kobolds
  A quokka zombie (D:5)
  4 rats
237 creatures vanquished.

Vanquished Creatures (collateral kills)
  An orc priest (D:6)
  3 orcs (D:6)
4 creatures vanquished.

Grand Total: 241 creatures vanquished

Notes
Turn   | Place    | Note
-------+----------+-------------------------------------------
     0 | D:1      | GeoCrane the Hill Orc Berserker began the quest for the
                  | Orb.
     0 | D:1      | Reached XP level 1. HP: 19/19 MP: 1/1
   380 | D:1      | You fall into a shaft and drop 1 floor!
   394 | D:2      | Reached XP level 2. HP: 18/27 MP: 2/2
   603 | D:2      | Reached skill level 5 in Axes
   603 | D:2      | Reached XP level 3. HP: 22/33 MP: 3/3
  1038 | D:2      | Found a sacrificial altar of Ru.
  1357 | D:1      | Reached XP level 4. HP: 41/41 MP: 4/4
  2085 | D:3      | Reached ** piety under Trog
  2129 | D:3      | You fall into a shaft and drop 3 floors!
  2139 | D:5      | Entered Level 5 of the Dungeon
  2139 | D:5      | Noticed a bullfrog
  2145 | D:5      | Killed a bullfrog
  2145 | D:5      | Reached skill level 6 in Axes
  2145 | D:5      | Reached XP level 5. HP: 14/47 MP: 5/5
  2391 | D:5      | Noticed a phantom
  2438 | D:4      | Reached skill level 5 in Fighting
  2735 | D:3      | Reached skill level 7 in Axes
  3119 | D:4      | Reached XP level 6. HP: 47/56 MP: 6/6
  3209 | D:4      | Noticed a phantom
  3981 | D:5      | Reached skill level 8 in Axes
  4429 | D:6      | Found Duxehol's Gadget Emporium.
  5034 | D:4      | Killed a phantom
  5034 | D:4      | Reached XP level 7. HP: 62/63 MP: 7/7
  5122 | D:5      | Reached skill level 9 in Axes
  5129 | D:5      | Noticed Sigmund
  5593 | D:6      | Found Weloappah's General Store.
  5958 | D:6      | Reached skill level 10 in Axes
  5984 | D:6      | Reached XP level 8. HP: 52/73 MP: 8/8
  6546 | D:6      | Noticed temitten's ghost (novice PaFi)
  6547 | D:6      | Found a runed translucent gate.
  6554 | D:6      | Found a runed translucent gate.
  6555 | D:6      | Found a runed translucent gate.
  6562 | D:6      | Found a roughly hewn altar of Beogh.
  6562 | D:6      | Identified the +9 rapier of Baruxy {flame, rC+ MP+9 Str-4
                  | Int+3}
  6640 | D:6      | Reached skill level 11 in Axes
  7021 | D:7      | Noticed Pikel
  7081 | D:7      | Killed Pikel
  7081 | D:7      | Reached skill level 12 in Axes
  7215 | D:7      | Reached *** piety under Trog
  7232 | D:7      | Found a staircase to the Ecumenical Temple.
  7279 | D:6      | Reached XP level 9. HP: 24/82 MP: 9/9
  7990 | D:7      | Noticed Harold
  8337 | D:7      | Reached skill level 13 in Axes
  9930 | D:8      | Reached skill level 14 in Axes
  9932 | D:8      | Reached skill level 10 in Fighting
 10345 | D:8      | Found Vudiur's Distillery.
 10358 | D:8      | Reached **** piety under Trog
 10385 | D:8      | Reached XP level 10. HP: 92/94 MP: 8/10
 10495 | D:8      | Found a stormy altar of Qazlal.
 10498 | D:8      | Found a snail-covered altar of Cheibriados.
 10499 | D:8      | Found a hide-covered altar of Uskayaw.
 10499 | D:8      | Found a radiant altar of Vehumet.
 10499 | D:8      | Found a bloodstained altar of Trog.
 10584 | D:8      | Noticed Maurice
 10633 | D:8      | Paralysed by something for 2 turns
 10830 | D:8      | Killed Maurice
 11125 | D:7      | Killed Harold
 11882 | D:5      | Noticed Menkaure
 11886 | D:5      | Killed Menkaure
 12081 | D:5      | Killed Sigmund
 12081 | D:5      | Reached skill level 5 in Armour
 12550 | Temple   | Entered the Ecumenical Temple
 13227 | D:9      | Found a bloodstained altar of Trog.
 13759 | D:10     | Entered Level 10 of the Dungeon
 13971 | D:10     | Found Erchaidual's Jewellery Shop.
 14331 | D:10     | Reached XP level 11. HP: 104/106 MP: 9/11
 14458 | D:10     | Found a staircase to the Orcish Mines.
 15264 | D:10     | Reached ***** piety under Trog
 15387 | D:11     | Noticed a white ugly thing
 15410 | Orc:1    | Entered Level 1 of the Orcish Mines
 15638 | Orc:2    | Entered Level 2 of the Orcish Mines
 15694 | Orc:2    | Found a staircase to the Elven Halls.
 16073 | Orc:2    | Noticed an orc sorcerer
 16075 | Orc:2    | Gained mutation: You are clumsy. (Dex -2) [a neqoxec]
 16090 | Orc:1    | Noticed an orc knight
 16090 | Orc:1    | Noticed a cyclops
 16090 | Orc:1    | Noticed an orc sorcerer
 16896 | D:9      | Killed a white ugly thing
 16896 | D:9      | Reached skill level 1 in Evocations
 17499 | D:11     | Noticed a five-headed hydra
 17731 | D:6      | Slain by an orc warrior

Illustrated notes

Levels and vault maps discovered:
D:1:      dpeg_arrival_rooms_b, layout_basic, serial_glass, glass_columns_a,
          glass_columns_b
D:2:      layout_loops_ring, nicolae_ru_sacrificial_ziggurat
D:3:      layout_basic
D:4:      layout_rooms
D:5:      layout_loops_corners, uniq_sigmund, uniq_menkaure
D:6:      layout_basic, serial_shops, shop, shop, biasface_ghost_orc_armoury,
          serial_co_window_serial, co_window_paths_b,
          co_window_of_opportunity_a, co_window_corner_a, co_window_paths_b,
          co_window_corner_a, co_window_corner_a, co_window_paths_b,
          co_window_2corner, co_window_unsneaky_path_c, co_window_corner_b,
          co_window_of_opportunity_c, co_window_2corner, glass_columns_a,
          glass_columns_b, sigmund_army
D:7:      minmay_razor_zed, layout_loops_cross,
          minmay_temple_entry_statues_fountains, uniq_harold, uniq_pikel
D:8:      layout_basic, grunt_temple_overflow_open, serial_shops, shop_statue,
          grunt_decor_arrowhead, uniq_maurice
D:9:      layout_cave_pools, basic_altar
D:10:     layout_layer_cave, david_orc_2, serial_shops, shop,
          due_unseen_surprise
D:11:     layout_grid_maze, erik_lair_dragon, minivault_25, minivault_16,
          minmay_misc_feat_more_columns
Temple:   regret_index_temple_sphere_string
Orc:1:    layout_diamond_mine
Orc:2:    st_orc_pillars, layout_caves, nicolae_volcano_entry_hallway,
          nicolae_orc_lost_temple, uniq_urug, uniq_jorgrun

Skill      XL: |  1  2  3  4  5  6  7  8  9 10 11 |
---------------+----------------------------------+-----
Fighting       | 4 5 6 7 8 10 12 13 | 13.2
Axes           | 5 6 7 8 10 12 14 | 14.2
Armour         | 7 8 |  8.5
Evocations     | 1 |  1.2
Throwing       | |  0.1
Dodging        | |  1.5

Action                   |  1- 3 |  4- 6 |  7- 9 | 10-12 || total
-------------------------+-------+-------+-------+-------++-------
Melee: Hand axe          |    74 |   298 |   518 |   549 ||  1439
Throw: Throwing net      |       |       |       |     2 ||     2
       Dart              |       |       |       |     2 ||     2
Invok: Berserk           |       |       |       |     2 ||     2
Evoke: Wand              |       |       |       |    11 ||    11
  Use: Scroll            |       |     4 |    12 |     2 ||    18
 Stab: Sleeping          |       |     1 |       |       ||     1
Armor: Animal skin       |     9 |    36 |     6 |       ||    51
       Chain mail        |       |       |   135 |   160 ||   295
Dodge: Dodged            |    67 |   226 |   228 |   240 ||   761

Table legend: (Time is in decaauts)
 A = Elapsed time spent in this place.
 B = Non-inter-level travel time spent in this place.
 C = Inter-level travel time spent in this place.
 D = Time resting spent in this place.
 E = Time spent auto-exploring this place.
 F = Levels seen in this place.
 G = Mean time per level.
                   A        B        C        D        E       F      G
               +--------+--------+--------+--------+--------+-----+--------+
         Total |  17415 |  16281 |   1134 |   4675 |   8077 |  14 | 1243.9 |
       Dungeon |  16328 |  15270 |   1058 |   4269 |   7682 |  11 | 1484.4 |
        Temple |    175 |    145 |     30 |      0 |    145 |   1 |  175.0 |
  Orcish Mines |    911 |    865 |     46 |    406 |    250 |   2 |  455.5 |
               +--------+--------+--------+--------+--------+-----+--------+

Top non-repeatable levels by time:
     D:6: 2781 daAuts
    D:10: 2199 daAuts
     D:7: 2108 daAuts
     D:8: 1806 daAuts
     D:5: 1531 daAuts
     D:3: 1492 daAuts
     D:2: 1249 daAuts
     D:9: 1090 daAuts
     D:1: 971 daAuts
     D:4: 876 daAuts
   Orc:1: 631 daAuts
   Orc:2: 279 daAuts
    D:11: 220 daAuts
  Temple: 175 daAuts
